 Dungeon Crawl Stone Soup version 0.27.1-34-g3ba077fa99 (webtiles) character file.

Game seed: 832888426954159418

185 cbfl8 the Sneak (level 5, -9/47 HPs)
             Began as a Minotaur Delver on Jan 16, 2022.
             Was an Initiate of Yredelemnul.
             Mangled by Menkaure (15 damage)
             ... on level 4 of the Dungeon.
             The game lasted 00:06:00 (2929 turns).

cbfl8 the Sneak (Minotaur Delver)                   Turns: 2929, Time: 00:06:01

Health: -9/47      AC:  5    Str: 17    XL:     5   Next: 37%
Magic:  4/4        EV: 11    Int:  8    God:    Yredelemnul [......]
Gold:   135        SH:  0    Dex: 11    Spells: 4/4 levels left

rFire    . . .     SeeInvis .   a - +0 hand axe
rCold    . . .     Faith    .   (no shield)
rNeg     . . .     Spirit   .   h - +0 ring mail
rPois    .         Reflect  .   (helmet restricted)
rElec    .         Harm     .   (no cloak)
rCorr    .         Rampage  .   (no gloves)
Will     .....                  (no boots)
Stlth    ++........             (no amulet)
HPRegen  0.15/turn              (no ring)
MPRegen  0.09/turn              (no ring)

@: no status effects
A: horns 2, retaliatory headbutt
a: Renounce Religion


You were on level 4 of the Dungeon.
You worshipped Yredelemnul.
Yredelemnul was noncommittal.
You visited 1 branch of the dungeon, and saw 2 of its levels.

You collected 135 gold pieces.

Inventory:

Hand Weapons
 a - a +0 hand axe (weapon)
Missiles
 f - 20 arrows
 i - a throwing net (quivered)
Armour
 b - a +0 leather armour
 h - a +0 ring mail (worn)
Wands
 g - a wand of digging (3)
Scrolls
 d - a scroll of magic mapping
 e - a scroll of fear
Potions
 c - a potion of might {unknown}


   Skills:
 + Level 4.3 Fighting
 + Level 3.2 Axes
 + Level 2.5 Armour
 + Level 2.6 Dodging
 + Level 5.3 Stealth


You had 4 spell levels left.
You didn't know any spells.
Your spell library contained the following spells:

 Spells                   Type           Power      Damage    Failure   Level
 Slow                     Hex            0%         N/A       75%         2
 Confusing Touch          Hex            0%         N/A       93%         3
 Vampiric Draining        Necr           0%         2d6       93%         3


Dungeon Overview and Level Annotations

Branches:
Dungeon (5/15)             Temple (0/1) D:5

Altars:
Xom
Yredelemnul

Annotations:
D:4 Menkaure


Innate Abilities, Weirdness & Mutations

You have a pair of horns on your head.
You reflexively headbutt those who attack you in melee.


Message History

There is an open door here.
You open the door.
Found an escape hatch in the ceiling.
There is an open door here.
You open the door.
There is an open door here.
Found a viscous ruby potion.
c - a viscous ruby potion
Found a stone staircase leading down.
There is a stone staircase leading down here.
Found a stone staircase leading up.
There is a stone staircase leading up here.
You climb upwards.
There is a stone staircase leading down here.
Found 16 gold pieces.
You now have 135 gold pieces (gained 16).
Found 20 arrows.
You see here 20 arrows.
f - 20 arrows
Found 19 stones.
Found a scroll labelled MISECY TAWNAIL.
You see here 19 stones.
Found a scroll labelled WEAXTE EZXOFA.
Found a stone staircase leading down.
Menkaure, Prince of Dust comes into view.
There is a stone staircase leading down here.
Menkaure calls on the powers of darkness!
Your body is wracked with pain!
Menkaure hits you!
* * * LOW HITPOINT WARNING * * *
There is a stone staircase leading down, spattered with blood here.
You climb downwards.
There is a stone staircase leading up here.
You can't go down here!
Menkaure hits you.
* * * LOW HITPOINT WARNING * * *
You climb upwards.
There is a stone staircase leading down, spattered with blood here.
Menkaure hits you!
You die...
Your body rises from the dead as a mindless zombie.

########.#.##
.....?..#.#.#############
.M....?#...#.............
#.#.#(############.
##.#.## #. #..## #. #.##
##. #.# #####.. ###@###
#...... #.M...# #.###..
#.....####### ##.
#............ #.
#.....####### #. #.....#
#. ####### #. ##


You could see Menkaure.

Vanquished Creatures
  A scorpion (D:5)
  2 hounds (D:5)
  2 iguanas (D:5)
  2 white imps
  A quokka (D:5)
8 creatures vanquished.

Notes
Turn   | Place    | Note
-------+----------+-------------------------------------------
     0 | D:5      | cbfl8 the Minotaur Delver began the quest for the Orb.
     0 | D:5      | Reached XP level 1. HP: 19/19 MP: 0/0
   562 | D:5      | Noticed an iguana
   673 | D:5      | Found a basalt altar of Yredelemnul.
   673 | D:5      | Noticed a hound
   690 | D:5      | Killed a hound
   691 | D:5      | Reached XP level 2. HP: 19/27 MP: 1/1
   691 | D:5      | Reached XP level 3. HP: 24/33 MP: 2/2
   920 | D:5      | Became a worshipper of Yredelemnul the Dark
  1013 | D:5      | Reached skill level 1 in Armour
  1013 | D:5      | Reached skill level 5 in Stealth
  1013 | D:5      | Reached XP level 4. HP: 19/40 MP: 3/3
  1291 | D:5      | Found a shimmering altar of Xom.
  1507 | D:5      | Noticed a phantom
  1738 | D:4      | Noticed a phantom
  1756 | D:4      | HP: 1/40 [phantom (5)]
  2486 | D:5      | Found a staircase to the Ecumenical Temple.
  2486 | D:5      | Noticed a scorpion
  2502 | D:5      | Killed a scorpion
  2503 | D:5      | Reached XP level 5. HP: 20/47 MP: 4/4
  2909 | D:4      | Noticed Menkaure
  2929 | D:4      | Mangled by Menkaure

Illustrated notes

Levels and vault maps discovered:
D:4:      layout_loops_ring, hangedman_decor_opposing, kennysheep_flooded_box,
          uniq_menkaure, uniq_natasha
D:5:      minmay_inner_zag, layout_basic, amcnicky_altar_gilded, tgw_xom,
          minmay_temple_entry_statues, amcnicky_mini_pool_small

Skill      XL: |  1  2  3  4 |
---------------+-------------+-----
Fighting       | 4 |  4.3
Armour         | 1 2 |  2.5
Stealth        | 5 |  5.3
Axes           | 3 |  3.2
Dodging        | |  2.6

Action                   |  1- 3 |  4- 6 || total
-------------------------+-------+-------++-------
Melee: Hand axe          |    16 |    32 ||    48
       Headbutt          |     5 |     5 ||    10
  Use: Scroll            |       |     1 ||     1
       Potion            |       |     1 ||     1
 Stab: Sleeping          |     1 |       ||     1
Armor: Leather armour    |     2 |       ||     2
       Ring mail         |     1 |     9 ||    10
Dodge: Dodged            |    10 |    16 ||    26
